 Dungeon Crawl Stone Soup version 0.29-a0-1065-g47a6bb87d6 (webtiles) character file.

Game seed: 15083168564412112638

67 siradein the Grave Robber (level 4, 0/32 HPs)
             Began as a Demonspawn Necromancer on Aug 18, 2022.
             Succumbed to an orc's poison
             ... on level 2 of the Dungeon.
             The game lasted 00:05:13 (1982 turns).

siradein the Grave Robber (Demonspawn Necromancer)  Turns: 1982, Time: 00:05:13

Health: 0/32       AC:  9    Str:  8    XL:     4   Next: 0%
Magic:  1/8        EV:  9    Int: 19    God:
Gold:   92         SH:  0    Dex: 13    Spells: 7/8 levels left

rFire   . . .      SeeInvis .   l - +2 short sword (flame)
rCold   + . .      Faith    .   (no shield)
rNeg    . . .      Spirit   +   s - +0 scale mail
rPois   .          Reflect  .   (no helmet)
rElec   .          Harm     .   (no cloak)
rCorr   .          Rampage  +   (no gloves)
Will    .....                   n - +2 pair of boots {rampage}
Stlth   +.........              i - amulet of guardian spirit
HPRegen 0.10/turn               e - ring of protection from cold
MPRegen 0.11/turn               (no ring)

@: lethally poisoned (0 -> -18)
A: sturdy frame 1
a: no special abilities


You were on level 2 of the Dungeon.
You visited 1 branch of the dungeon, and saw 3 of its levels.

You collected 92 gold pieces.

Inventory:

Hand Weapons
 l - a +2 short sword of flaming (weapon)
Missiles
 g - 3 poisoned darts
Armour
 n - a +2 pair of boots of rampaging (worn)
 s - a +0 scale mail (worn)
Jewellery
 e - a ring of protection from cold (left hand)
 i - an amulet of guardian spirit (around neck)
 r - an amulet of faith
Scrolls
 a - a scroll of teleportation {unknown}
 h - a scroll of fear {unknown}
 j - 2 scrolls of immolation {unknown}
 m - a scroll of blinking {unknown}
 p - a scroll of enchant armour {unknown}
Potions
 b - a potion of magic
 c - a potion of mutation {unknown}
 d - 3 potions of heal wounds
 f - 2 potions of might {unknown}
 k - 2 potions of curing {unknown}
 q - a potion of resistance {unknown}


   Skills:
 + Level 1.1 Fighting
 + Level 1.0 Short Blades
 + Level 1.0 Armour
 - Level 1.7 Dodging
 - Level 1.7 Stealth
 + Level 2.7 Spellcasting
 + Level 4.9 Necromancy


You had 7 spell levels left.
You knew the following spells:

 Your Spells              Type           Power      Damage    Failure   Level
a - Necrotise             Necr           84%        1d8       9%          1

Your spell library contained the following spells:

 Spells                   Type           Power      Damage    Failure   Level
 Vampiric Draining        Necr           21%        2d7       26%         3
 Animate Dead             Necr           21%        N/A       65%         4
 Confusing Touch          Hex            2%         N/A       90%         3
 Agony                    Necr           21%        N/A       94%         5
 Yara's Violent Unravell  Hex/Tmut       1%         3d3       100%        5
 Enfeeble                 Hex            1%         N/A       100%        7


Dungeon Overview and Level Annotations

Branches:
Dungeon (3/15)

Altars:


Innate Abilities, Weirdness & Mutations

Your movements are slightly less encumbered by armour. (ER -2)


Message History

The orc hits you with a +0 dagger of venom.
You are lethally poisoned!
Your Fighting skill increases to level 1!
Your Short Blades skill increases to level 1!
Your Armour skill increases to level 1!
You have reached level 4!
You feel clever. The orc attacks as you move away!
The orc hits you with a +0 dagger of venom.
You are lethally poisoned!
You feel very sick.
The orc cheers loudly, as Orcs often do.
* * * LOW HITPOINT WARNING * * *
You feel very sick.
* * * LOW HITPOINT WARNING * * *
You feel sick.
It was a potion of heal wounds.
You feel much better.
You feel sick. The orc attacks as you move away!
The orc hits you with a +0 dagger of venom.
You feel sick.
There is a stone staircase leading up here.
You feel sick.
The orc hits you with a +0 dagger of venom.
You are lethally poisoned!
You climb upwards.
You feel very sick.
There is a stone staircase leading down here.
You barely miss the orc.
* * * LOW HITPOINT WARNING * * *
You feel very sick. The orc hits you but does no damage.
You are more poisoned.
You hit the orc. You burn the orc.
The orc is moderately wounded.
* * * LOW HITPOINT WARNING * * *
You feel very sick. The orc hits you but does no damage.
You hit the orc but do no damage.
The orc is moderately wounded.
You die...

######## ###############
#......# ##.............##
#......#
#..###########..#######......#
## ..## ##..............###.
### ###..####......##..
####o..######.####..
######..@......# #..##...
#......#######.####.....#
#.###### #...##..####
#.....### ###.....# ###
#####...# #.......### #.#
###.## #.####....## ..#
#..#####.# #...#..# .##
##<##)...# #.#.#..# ##
#....######.....##


You could see an orc.

Vanquished Creatures
  An orc priest (D:3)
  2 dart slugs
  An orc (D:3)
  4 bats
  3 endoplasms (D:2)
  2 giant cockroaches (D:1)
  6 goblins
  A hobgoblin (D:2)
  4 quokkas
  2 ball pythons
  2 frilled lizards
  3 kobolds
  A rat (D:1)
32 creatures vanquished.

Notes
Turn   | Place    | Note
-------+----------+-------------------------------------------
     0 | D:1      | siradein the Demonspawn Necromancer began the quest for the
                  | Orb.
     0 | D:1      | Reached XP level 1. HP: 13/13 MP: 3/3
   547 | D:1      | Gained mutation: Your movements are slightly less
                  | encumbered by armour. (ER -2) [demonic ancestry]
   547 | D:1      | Reached XP level 2. HP: 19/19 MP: 0/5
  1539 | D:2      | Reached XP level 3. HP: 25/25 MP: 6/6
  1646 | D:2      | Found a faded altar of an unknown god.
  1646 | D:2      | Noticed a Hell Sentinel
  1973 | D:3      | Reached skill level 1 in Fighting
  1973 | D:3      | Reached skill level 1 in Short Blades
  1973 | D:3      | Reached skill level 1 in Armour
  1973 | D:3      | Reached XP level 4. HP: 15/32 MP: 1/8
  1982 | D:2      | Succumbed to an orc's poison

Illustrated notes

Levels and vault maps discovered:
D:1:      amcnicky_arrival_single_pillar, layout_loops_cross
D:2:      layout_rooms, dreamdust_ecumenical_altar_sealed_demon
D:3:      layout_loops_ring, nicolae_overflow_hidden_temple

Skill      XL: |  1  2  3 |
---------------+----------+-----
Fighting       | 1 |  1.1
Short Blades   | 1 |  1.0
Armour         | 1 |  1.0
Dodging        | |  1.7
Stealth        | |  1.7
Spellcasting   | |  2.7
Necromancy     | |  4.9

Action                   |  1- 3 |  4- 6 || total
-------------------------+-------+-------++-------
Melee: Unarmed           |    24 |       ||    24
       Short sword       |    70 |     3 ||    73
       Dagger            |    30 |       ||    30
 Cast: Necrotise         |    20 |       ||    20
  Use: Potion            |       |     1 ||     1
Armor: Robe              |    19 |       ||    19
       Plate armour      |    54 |       ||    54
       Scale mail        |     8 |     2 ||    10
Dodge: Dodged            |    36 |       ||    36

Table legend: (Time is in decaauts)
 A = Elapsed time spent in this place.
 B = Non-inter-level travel time spent in this place.
 C = Inter-level travel time spent in this place.
 D = Time resting spent in this place.
 E = Time spent auto-exploring this place.
 F = Levels seen in this place.
 G = Mean time per level.
                   A        B        C        D        E       F      G
               +--------+--------+--------+--------+--------+-----+--------+
         Total |   1986 |   1829 |    157 |      0 |   1509 |   3 |  662.0 |
       Dungeon |   1986 |   1829 |    157 |      0 |   1509 |   3 |  662.0 |
               +--------+--------+--------+--------+--------+-----+--------+

Top non-repeatable levels by time:
     D:1: 1284 daAuts
     D:2: 673 daAuts
     D:3: 28 daAuts
